 Dungeon Crawl Stone Soup version 0.29.1-4-g47bece8355 (webtiles) character file.

Game seed: 8698055583531449168

166 iamoutofideas the Chopper (level 5, -1/42 HPs)
             Began as a Hill Orc Gladiator on Dec 8, 2022.
             Slain by Grinder (5 damage)
             ... on level 3 of the Dungeon.
             The game lasted 00:01:56 (3451 turns).

iamoutofideas the Chopper (Hill Orc Gladiator)      Turns: 3451, Time: 00:01:56

Health: -1/42      AC:  4    Str: 19    XL:     5   Next: 47%
Magic:  5/5        EV: 12    Int:  8    God:
Gold:   159        SH:  0    Dex: 12    Spells: 4/4 levels left

rFire   . . .      SeeInvis .   a - +0 war axe
rCold   . . .      Faith    .   (no shield)
rNeg    . . .      Spirit   .   b - +0 leather armour
rPois   .          Reflect  .   c - +0 helmet
rElec   .          Harm     .   (no cloak)
rCorr   +          Rampage  .   (no gloves)
Will    .....                   (no boots)
Stlth   +.........              (no amulet)
HPRegen 0.14/turn               p - ring of resist corrosion
MPRegen 0.09/turn               (no ring)

@: brilliant
A: no striking features
a: no special abilities


You were on level 3 of the Dungeon.
You visited 1 branch of the dungeon, and saw 3 of its levels.

You collected 159 gold pieces.

Inventory:

Hand Weapons
 a - a +0 war axe (weapon)
Missiles
 d - 3 throwing nets (quivered)
 e - a javelin
Armour
 b - a +0 leather armour (worn)
 c - a +0 helmet (worn)
Jewellery
 p - a ring of resist corrosion (left hand)
 t - a +6 ring of strength
Wands
 s - a wand of mindburst (21)
Scrolls
 f - 2 scrolls of fear {unknown}
 g - 2 scrolls of enchant armour {unknown}
 j - a scroll of enchant weapon {unknown}
 m - a scroll of amnesia {unknown}
 o - a scroll of blinking {unknown}
 u - a scroll of noise {unknown}
 w - a scroll of identify {unknown}
Potions
 h - a potion of brilliance
 i - 2 potions of invisibility {unknown}
 k - 2 potions of ambrosia {unknown}
 l - a potion of cancellation {unknown}
 n - a potion of resistance {unknown}
 q - a potion of flight {unknown}
 r - a potion of haste {unknown}
 v - a potion of curing {unknown}


   Skills:
 - Level 2.4 Fighting
 + Level 7.9 Axes
 - Level 1.7 Throwing
 - Level 2.4 Dodging


You had 4 spell levels left.
You didn't know any spells.
Your spell library contained the following spells:

 Spells                   Type           Power      Damage    Failure   Level
 Magic Dart               Conj           0%         1d3       45%         1
 Call Imp                 Summ           0%         N/A       61%         2
 Mephitic Cloud           Conj/Pois/Air  0%         N/A       83%         3
 Blade Hands              Tmut           0%         N/A       100%        5
 Irradiate                Conj/Tmut      0%         3d11      100%        5
 Dragon Form              Tmut           0%         N/A       100%        7


Dungeon Overview and Level Annotations

Branches:
Dungeon (3/15)

Altars:

Shops:
D:1 *

Annotations:
D:3 Grinder


Message History

You hit Grinder.
Grinder is lightly wounded.
Grinder closely misses you.
You closely miss Grinder.
Grinder is lightly wounded.
Grinder hits you!
You slash Grinder!
Grinder is moderately wounded.
Grinder misses you.
Grinder rolls her eyes.
Grinder gestures at you.
You suddenly lose the ability to move!
Grinder completely misses you.
You can move again.
Unknown command.
Unknown command.
You closely miss Grinder.
Grinder is moderately wounded.
Grinder blinks!
Grinder gestures at you. You resist with significant effort.
You closely miss Grinder.
Grinder is moderately wounded.
Grinder hits you!
You writhe in agony.
You hit Grinder.
Grinder is moderately wounded.
Grinder gestures at you. Pain shoots through your body!
* * * LOW HITPOINT WARNING * * *
You barely miss Grinder.
Grinder is moderately wounded.
Grinder hits you.
* * * LOW HITPOINT WARNING * * *
You writhe in agony.
* * * LOW HITPOINT WARNING * * *
It was a potion of brilliance.
You feel clever all of a sudden.
Grinder says, "What is the universe for?"
Grinder hits you.
You die...

#........................
##.###...........######## #.#
##########.## #.# #.# #.#
#####.########## #.#
#............... #.#
#...............
#.########................#.#
#..............@..........#.##.#
#..#######....5................#
#..# #...........#.........#
#..# #...........#.........#
#..# #...........#.........#
#..# #....)......##........#
#..#######........)..##........#
#........+...........'......##.#
##.#######...........###.#.....#


You could see Grinder.

Vanquished Creatures
  A hound (D:3)
  2 gnolls (D:1)
  7 adders
  A worm (D:2)
  A dart slug (D:3)
  7 bats
  5 endoplasms
  2 giant cockroaches (D:1)
  2 goblins
  2 hobgoblins
  2 quokkas (D:2)
  7 ball pythons
  4 frilled lizards
  6 kobolds
  4 rats
53 creatures vanquished.

Vanquished Creatures (others)
  A rat (D:3)
1 creature vanquished.

Grand Total: 54 creatures vanquished

Notes
Turn   | Place    | Note
-------+----------+-------------------------------------------
     0 | D:1      | iamoutofideas the Hill Orc Gladiator began the quest for
                  | the Orb.
     0 | D:1      | Reached XP level 1. HP: 18/18 MP: 1/1
   248 | D:1      | Reached XP level 2. HP: 25/25 MP: 2/2
   344 | D:1      | Reached skill level 5 in Axes
   553 | D:1      | Found Omij's General Store.
   676 | D:1      | Reached XP level 3. HP: 17/30 MP: 3/3
   973 | D:1      | Found a faded altar of an unknown god.
  1051 | D:1      | Reached skill level 6 in Axes
  1280 | D:2      | Reached XP level 4. HP: 25/37 MP: 4/4
  1810 | D:2      | Reached skill level 7 in Axes
  2662 | D:3      | Reached XP level 5. HP: 33/42 MP: 5/5
  3436 | D:3      | Noticed Grinder
  3443 | D:3      | Paralysed by Grinder for 2 turns
  3451 | D:3      | Slain by Grinder

Illustrated notes

Levels and vault maps discovered:
D:1:      lemuel_arrival_broad_hall, layout_loops_ring,
          dreamdust_ecumenical_altar_statues, serial_shops,
          nicolae_shop_hallway_plus
D:2:      layout_basic, kennysheep_cross_room, minmay_tromino_v4_a
D:3:      layout_basic, uniq_grinder

Skill      XL: |  1  2  3  4 |
---------------+-------------+-----
Axes           | 5 6 7 |  7.9
Fighting       | |  2.4
Throwing       | |  1.7
Dodging        | |  2.4

Action                   |  1- 3 |  4- 6 || total
-------------------------+-------+-------++-------
Melee: War axe           |    93 |    88 ||   181
       Punch             |     1 |       ||     1
  Use: Potion            |       |     1 ||     1
Armor: Leather armour    |    54 |    23 ||    77
Dodge: Dodged            |    83 |    70 ||   153
